Map: 뉴커크 재개발 지구 - 토너먼트 (공허의 유산)

Players

jjakji - Winner!

  • Race: Terran Terran
  • Spawn Location: 7:00

GuMiho

  • Race: Terran Terran
  • Spawn Location: 5:00

Event: IEM XI Katowice - World Championship 2017

VOD

https://www.youtube.com/watch?v=N3JfOXUC6gc&t=25s

Description

Time

  • Played on: Feb. 28, 2017, 7:18 a.m.
  • Length: 11:51

All games in this series

Show
View Real Time Build Order
Export as new Build Order

jjakji Terran - Winner!

Build Orders: Cyclone Opening, Reaper Expand, Bio Tank 

Get SALT Encoding   

  12  0:00  SCV  
  13  0:12  SCV  
  14  0:17  Supply Depot  
  14  0:25  SCV  
  15  0:29  Refinery  
  15  0:39  SCV  
  16  0:45  Barracks  
  16  0:51  SCV  
  17  1:03  SCV  
  18  1:15  SCV  
  19  1:32  Reaper  
  19  1:33  Orbital Command  
  20  1:44  Command Center  
  20  1:55  Factory  
  20  1:58  SCV  
  21  2:04  Refinery  
  21  2:07  Barracks Reactor  
  21  2:11  SCV  
  22  2:16  Supply Depot  
  22  2:23  SCV  
  23  2:37  SCV  
  23  2:43  Marine, Cyclone  
  23  2:44  Marine  
  28  2:49  SCV  
  29  2:54  Starport  
  29  3:02  SCV, Orbital Command  
  29  3:05  Marine  
  30  3:09  Marine  
  32  3:14  SCV  
  33  3:24  Marine  
  33  3:27  Marine, Widow Mine, SCV  
  35  3:28  SCV  
  39  3:34  Viking  
  39  3:39  SCV  
  39  3:40  SCV  
  43  3:43  Supply Depot  
  43  3:49  Marine x2  
  43  3:51  SCV  
  46  3:58  Factory Tech Lab  
  46  4:03  Barracks  
  46  4:04  SCV x2  
  46  4:07  Starport Reactor  
  48  4:10  Barracks  
  48  4:13  Barracks Tech Lab  
  48  4:16  SCV x2  
  50  4:18  Siege Tank  
  53  4:28  SCV  
  53  4:30  Supply Depot  
  53  4:31  Supply Depot  
  54  4:37  Engineering Bay  
  54  4:39  Refinery  
  54  4:42  Stimpack  
  54  4:50  Supply Depot, SCV, Marine  
  54  4:52  Siege Tank, SCV  
  58  4:55  Starport Reactor  
  58  4:56  Refinery  
  58  4:57  Marine  
  58  4:58  Marine  
  58  4:59  Marine  
  61  5:01  Marine  
  61  5:03  SCV  
  61  5:05  SCV  
  64  5:09  Terran Infantry Weapons Level 1  
  64  5:13  Marine  
  64  5:15  Marine  
  64  5:16  Marine, SCV  
  64  5:17  Marine, SCV  
  69  5:25  Siege Tank  
  69  5:27  Supply Depot  
  72  5:28  SCV  
  72  5:30  SCV  
  72  5:31  Marine  
  72  5:32  Marine  
  72  5:35  Medivac  
  78  5:44  Supply Depot  
  78  5:46  Supply Depot  
  78  5:48  Marine x3, Medivac  
  83  5:50  Marine  
  84  5:57  SCV  
  84  5:58  SCV  
  84  6:02  Supply Depot  
  86  6:06  Marine x4, Siege Tank  
  86  6:10  Medivac  
  95  6:18  Medivac  
  95  6:20  Marine  
  95  6:24  Marine x4  
  102  6:29  Supply Depot  
  102  6:36  Barracks  
  102  6:40  Siege Tank, Barracks  
  102  6:42  Combat Shields  
  102  6:46  Marine  
  106  6:47  Marine x4  
  106  6:51  Medivac  
  112  6:59  Supply Depot  
  110  7:02  Supply Depot  
  110  7:03  Terran Infantry Armor Level 1  
  110  7:04  Marine x3  
  110  7:06  Marine  
  114  7:11  Medivac  
  116  7:20  Marine  
  116  7:21  Armory  
  116  7:22  Marine, Engineering Bay  
  106  7:33  Marine  
  106  7:34  Marine x2  
  85  7:38  Marine  
  85  7:40  Marine  
  85  7:44  Medivac x2  
  85  7:48  Barracks Reactor x2  
  85  7:51  Marine x2  
  89  7:52  Marine  
  89  7:55  Siege Tank  
  89  7:56  Marine  
  89  7:58  Marine  
  97  8:09  Marine x2  
  97  8:10  Marine  
  100  8:14  Marine, Terran Infantry Weapons Level 2  
  100  8:15  Marine  
  102  8:26  Marine  
  99  8:27  Marine x2  
  99  8:30  Sensor Tower, Siege Tank  
  99  8:32  Marine  
  99  8:33  Marine  
  107  8:36  Viking  
  109  8:41  Viking  
  109  8:44  Marine  
  109  8:45  Marine x3  
  115  8:49  Marine  
  115  8:51  Marine x4  
  113  9:02  Marine  
  80  9:03  Marine x3  
  80  9:06  Siege Tank, Viking  
  80  9:07  Marine  
  88  9:13  Marine  
  88  9:14  Marine  
  88  9:15  SCV  
  91  9:22  Marine  
  91  9:23  Marine  
  93  9:29  Marine  
  94  9:34  Medivac  
  94  9:46  SCV x2  
  96  9:53  Siege Tank  
  96  9:57  Marine x2  
  101  10:00  Marine  
  101  10:03  Marine  
  101  10:04  Marine  
  104  10:07  Marine  
  103  10:21  Marine  
  103  10:22  Marine x6  
  109  10:29  Siege Tank  
  110  10:50  Marine x8  
  110  10:51  Marine  
  119  11:00  Medivac  
  120  11:04  Medivac  
  120  11:07  Marine  
  120  11:16  Marine  
  120  11:17  Marine x3  
  124  11:21  Marine x2  
  124  11:25  Marine x2  
Show
View Real Time Build Order
Export as new Build Order

GuMiho Terran 

Build Orders: Reaper Expand, Bio Tank 

Get SALT Encoding   

  12  0:01  SCV  
  13  0:13  SCV  
  14  0:18  Supply Depot  
  14  0:25  SCV  
  15  0:29  Refinery  
  15  0:39  SCV  
  16  0:45  Barracks  
  16  0:51  SCV  
  17  1:03  SCV  
  18  1:15  SCV  
  19  1:31  Orbital Command  
  19  1:32  Reaper  
  20  1:48  Command Center  
  20  1:54  Factory  
  20  1:58  SCV  
  21  2:05  Refinery  
  21  2:07  Barracks Reactor  
  21  2:10  SCV  
  22  2:16  Supply Depot  
  22  2:22  SCV  
  23  2:37  SCV  
  23  2:42  Widow Mine, Starport  
  23  2:43  Marine x2  
  28  2:49  SCV  
  29  2:59  Orbital Command  
  29  3:01  Marine  
  29  3:02  Marine  
  29  3:04  SCV  
  32  3:11  Cyclone  
  35  3:16  SCV  
  36  3:20  Medivac  
  36  3:25  Marine  
  36  3:26  Marine  
  40  3:30  Supply Depot  
  40  3:33  SCV  
  41  3:34  SCV  
  42  3:43  Marine  
  42  3:44  Marine  
  42  3:45  SCV  
  42  3:46  SCV  
  42  3:47  Factory Tech Lab  
  45  3:53  Viking  
  47  3:59  SCV x2  
  47  4:01  Marine  
  47  4:02  Marine, Supply Depot  
  51  4:07  Refinery  
  51  4:10  Siege Tank  
  54  4:19  Supply Depot  
  56  4:24  SCV x2  
  56  4:32  Barracks Tech Lab  
  56  4:36  SCV x2, Barracks  
  56  4:37  Starport Reactor  
  56  4:38  Barracks  
  48  4:45  Siege Tank  
  51  4:48  SCV x2  
  51  4:52  Stimpack  
  51  4:54  Refinery  
  51  4:56  Marine  
  52  5:00  SCV x2  
  52  5:01  Engineering Bay  
  54  5:12  SCV x2  
  56  5:14  Marine  
  56  5:15  Viking  
  56  5:16  Viking  
  61  5:24  SCV x2  
  61  5:25  Barracks Reactor  
  61  5:26  Marine  
  61  5:27  Marine  
  65  5:29  Siege Tank  
  65  5:35  Supply Depot  
  68  5:36  Terran Infantry Weapons Level 1  
  68  5:40  Supply Depot  
  68  5:42  Marine  
  69  5:46  SCV  
  70  5:56  Medivac x2  
  74  5:58  Supply Depot x2  
  74  6:00  Marine x3  
  74  6:01  Marine  
  74  6:02  Marine  
  79  6:06  Siege Tank  
  80  6:14  SCV x2  
  82  6:19  Marine x4  
  82  6:22  Marine  
  87  6:28  Medivac x2  
  91  6:35  Supply Depot  
  91  6:36  Marine  
  91  6:37  Marine x2  
  94  6:42  SCV x2  
  94  6:43  Marine x2  
  101  6:47  Siege Tank  
  101  6:52  Combat Shields  
  101  6:54  Marine  
  101  6:57  Marine x2  
  101  7:01  Marine x2, Supply Depot  
  105  7:02  Supply Depot  
  105  7:04  Medivac  
  105  7:07  Medivac  
  110  7:18  Marine x2  
  101  7:31  Marine x2  
  101  7:32  Marine  
  101  7:36  Marine x2  
  89  7:46  Medivac x2  
  89  7:49  Marine x2  
  89  7:50  Marine  
  96  7:56  SCV x2  
  98  8:00  Refinery  
  98  8:03  Marine x2  
  99  8:07  Terran Infantry Armor Level 1, Marine  
  99  8:08  SCV  
  99  8:10  Command Center  
  99  8:12  SCV  
  102  8:13  Marine  
  102  8:15  Marine  
  104  8:20  SCV  
  104  8:21  Siege Tank  
  104  8:24  Marine x2  
  110  8:29  Marine  
  110  8:31  Marine, SCV  
  110  8:32  SCV  
  114  8:37  Viking x2  
  118  8:46  SCV x2  
  118  8:48  Marine  
  117  8:56  Marine x2, Siege Tank  
  97  9:05  Marine x2  
  96  9:12  Marine  
  96  9:14  Marine, Viking  
  96  9:15  Viking  
  94  9:28  Siege Tank  
  94  9:29  Marine x3  
  94  9:30  Marine  
  101  9:42  Sensor Tower  
  101  9:43  Marine  
  100  9:47  Marine x3  
  100  9:48  Marine  
  100  9:49  Orbital Command  
  104  10:00  Viking  
  104  10:01  Marine  
  107  10:10  Armory  
  107  10:14  Marine x3  
  107  10:20  Liberator  
  110  10:25  Engineering Bay  
  110  10:27  Liberator  
  110  10:30  Siege Tank  
  113  10:45  Marine  
  113  10:46  Marine  
  118  10:50  Marine  
  119  11:06  Barracks  
  119  11:07  Barracks  
  118  11:13  Marine x2  
  118  11:14  Marine  
  118  11:17  Marine  
  118  11:18  Marine  
  117  11:31  Marine  
  117  11:32  Marine  

Tags
 
Add a new tag
Caveats
  • Supply blocks, unpowered buildings, or Contaminate may cause inaccurate times.
  • Supply counts are checked every 10 seconds.